 Dungeon Crawl Stone Soup version 0.30-a0-557-ge2afbf3030 (webtiles) character file.

Game seed: 9208506469972182284

10 rsvaco the Grave Robber (level 2, -3/19 HPs)
             Began as a Demonspawn Necromancer on Dec 27, 2022.
             Slain by a worm (7 damage)
             ... on level 2 of the Dungeon.
             The game lasted 00:07:38 (695 turns).

rsvaco the Grave Robber (Demonspawn Necromancer)     Turns: 695, Time: 00:07:39

Health: -3/19      AC:  5    Str:  8    XL:     2   Next: 10%
Magic:  2/5        EV: 11    Int: 16    God:
Gold:   36         SH:  0    Dex: 13    Spells: 4/5 levels left

rFire   . . .      SeeInvis .    e - +2 mace (heavy)
rCold   . . .      Faith    .    (no shield)
rNeg    . . .      Spirit   .    m - +0 leather armour
rPois   .          Reflect  .    (no helmet)
rElec   .          Harm     .    (no cloak)
rCorr   .          Rampage  .    o - +0 pair of gloves
Will    .....                    k - +0 pair of boots
Stlth   ++                       (no amulet)
HPRegen 0.23/turn                (no ring)
MPRegen 0.09/turn                (no ring)

@: flying
A: demonic guardian 1
a: no special abilities


You were on level 2 of the Dungeon.
You visited 1 branch of the dungeon, and saw 2 of its levels.

You collected 36 gold pieces.

Inventory:

Hand Weapons
 e - a +2 heavy mace (weapon)
 h - a +0 club
Missiles
 g - 24 stones
Armour
 a - a +1 robe
 c - a +0 robe
 j - a +0 scale mail
 k - a +0 pair of boots (worn)
 m - a +0 leather armour (worn)
 o - a +0 pair of gloves (worn)
Scrolls
 l - a scroll of vulnerability {unknown}
 p - 2 scrolls of teleportation {unknown}
 q - a scroll of poison {unknown}
Potions
 b - a potion of magic
 d - a potion of curing {unknown}
 f - a potion of attraction {unknown}
 i - a potion of flight
 n - a potion of heal wounds {unknown}
 r - a potion of ambrosia {unknown}


   Skills:
 + Level 1.8 Dodging
 + Level 1.8 Stealth
 + Level 2.0 Spellcasting
 + Level 4.9 Necromancy


You had 4 spell levels left.
You knew the following spells:

 Your Spells              Type           Power      Damage    Failure   Level
a - Necrotise             Necr           68%        1d7       4%          1

Your spell library contained the following spells:

 Spells                   Type           Power      Damage    Failure   Level
 Vampiric Draining        Necr           17%        2d7       12%         3
 Sting                    Tmut/Pois      4%         1d3       30%         1
 Animate Dead             Necr           17%        N/A       38%         4
 Poisonous Vapours        Pois/Air       2%         N/A       41%         2
 Cause Fear               Hex            0%         N/A       96%         4
 Olgreb's Toxic Radiance  Pois           1%         N/A       96%         4
 Agony                    Necr           17%        N/A       75%         5
 Dragon Form              Tmut           0%         N/A       100%        7
 Dragon's Call            Summ           0%         N/A       100%        9


Dungeon Overview and Level Annotations

Branches:
Dungeon (2/15)

Altars:


Innate Abilities, Weirdness & Mutations

A weak demonic guardian rushes to your aid.


Message History

You climb downwards.
Found 13 gold pieces.
There is a stone staircase leading up here.
The helpless worm fails to defend itself.
You hit the worm.
The worm is lightly wounded.
The worm bites you but does no damage.
Casting: Necrotise (safe; 4% risk of failure)
Confirm with . or Enter, or press ? or * to list all spells.
Aiming: Necrotise (safe; 4% risk of failure)
Press: ? - help, Shift-Dir - straight line, f - worm
Aim: a worm (lightly wounded, chance to affect: 81%)
The worm writhes in agony.
The worm barely misses you.
Casting: Necrotise (safe; 4% risk of failure)
Confirm with . or Enter, or press ? or * to list all spells.
Aiming: Necrotise (safe; 4% risk of failure)
Press: ? - help, Shift-Dir - straight line, f/p - worm
Aim: a worm (lightly wounded, chance to affect: 81%)
The worm barely resists.
Casting: Necrotise (safe; 4% risk of failure)
Confirm with . or Enter, or press ? or * to list all spells.
Aiming: Necrotise (safe; 4% risk of failure)
Press: ? - help, Shift-Dir - straight line, f/p - worm
Aim: a worm (lightly wounded, chance to affect: 81%)
The worm barely resists.
The worm bites you!
You hit the worm.
The worm is moderately wounded.
The worm barely misses you.
You hit the worm.
The worm is heavily wounded.
The worm bites you!
* * * LOW HITPOINT WARNING * * *
A demonic guardian appears!
You are too injured to fight recklessly!
It was a potion of flight.
You feel very buoyant.
You fly up into the air.
The frilled lizard hisses angrily.
Your ufetubus hits the worm. x2; The worm bites you!
You die...

### ###..#
#######...##
#...$......#
#......w<..#
#.....5.@..#
####............
#...............
..##............
. #............
#....l........
...............
##.............


You could see a worm (ally target), a frilled lizard and a friendly ufetubus
(summoned).

Vanquished Creatures
  A ball python (D:1)
  A giant cockroach (D:1)
  2 goblins (D:1)
  A bat (D:1)
  A frilled lizard (D:1)
  5 rats (D:1)
11 creatures vanquished.

Notes
Turn   | Place    | Note
-------+----------+-------------------------------------------
     0 | D:1      | rsvaco the Demonspawn Necromancer began the quest for the
                  | Orb.
     0 | D:1      | Reached XP level 1. HP: 13/13 MP: 3/3
   495 | D:1      | Gained mutation: A weak demonic guardian rushes to your
                  | aid. [demonic ancestry]
   495 | D:1      | Reached XP level 2. HP: 11/19 MP: 5/5
   695 | D:2      | Slain by a worm

Illustrated notes

Levels and vault maps discovered:
D:1:      sevenhm_arrival_forest_fort_large_2, layout_rooms,
          minmay_misc_feat_tower, kennysheep_flooded_box, serial_park_tiny_1
D:2:      layout_rooms, uniq_crazy_yiuf_cottage

Action                   || total
-------------------------++-------
Melee: Mace              ||    21
 Cast: Necrotise         ||     8
  Use: Scroll            ||     2
       Potion            ||     1
 Stab: Sleeping          ||     2
Armor: Robe              ||     1
       Leather armour    ||     4
Dodge: Dodged            ||    23

Table legend: (Time is in decaauts)
 A = Elapsed time spent in this place.
 B = Non-inter-level travel time spent in this place.
 C = Inter-level travel time spent in this place.
 D = Time resting spent in this place.
 E = Time spent auto-exploring this place.
 F = Levels seen in this place.
 G = Mean time per level.
                   A        B        C        D        E       F      G
               +--------+--------+--------+--------+--------+-----+--------+
         Total |    717 |    317 |    400 |      0 |    172 |   2 |  358.5 |
       Dungeon |    717 |    317 |    400 |      0 |    172 |   2 |  358.5 |
               +--------+--------+--------+--------+--------+-----+--------+

Top non-repeatable levels by time:
     D:1: 704 daAuts
     D:2: 13 daAuts
